 Dungeon Crawl Stone Soup version 0.28.0-62-gf88900778d (webtiles) character file.

Game seed: 16833753021686741537

215148 cbfl8 the Impregnable (level 18, -10/152 HPs)
             Began as a Minotaur Fighter on Sept 3, 2023.
             Was the Champion of Hepliaklqana.
             Mangled by the 27-headed Lernaean hydra (12 damage)
             ... on level 4 of the Swamp on Sept 4, 2023.
             The game lasted 00:59:23 (54440 turns).

cbfl8 the Impregnable (Minotaur Fighter)           Turns: 54440, Time: 00:59:24

Health: -10/152    AC: 23    Str: 19    XL:     18   Next: 32%
Magic:  17/17      EV:  7    Int:  7    God:    Hepliaklqana [******]
Gold:   3179       SH: 29    Dex: 18    Spells: 17/17 levels left

rFire   . . .      SeeInvis .   y - +8 broad axe (venom)
rCold   . . .      Faith    .   H - +2 tower shield {rPois}
rNeg    . . .      Spirit   .   R - +3 chain mail {Will+}
rPois   +          Reflect  +   (helmet unavailable)
rElec   .          Harm     .   v - scarf {repulsion}
rCorr   .          Rampage  .   g - +0 pair of gloves
Will    ++...                   D - +1 pair of boots {Stlth+}
Stlth   ..........              E - amulet of reflection
HPRegen 0.35/turn               I - ring of poison resistance
MPRegen 0.15/turn               C - ring of flight

@: about to teleport, flying, studying Armour, repel missiles
A: reduced essence, horns 3, retaliatory headbutt, clever 1, weak 1
}: 1/15 runes: gossamer
a: Renounce Religion, Recall Ancestor, Ancestor Identity, Transference, Idealise


You were on level 4 of the Swamp.
You worshipped Hepliaklqana.
Hepliaklqana was exalted by your worship.
You visited 6 branches of the dungeon, and saw 32 of its levels.
You also visited: Ice Cave.

You collected 3815 gold pieces.
You spent 636 gold pieces at shops.

Inventory:

Hand Weapons
 y - a +8 broad axe of venom (weapon)
Missiles
 f - 2 throwing nets
Armour
 g - a +0 pair of gloves (worn)
 v - a scarf of repulsion (worn)
 D - a +1 pair of boots of stealth (worn)
 H - a +2 tower shield of poison resistance (worn)
 R - a +3 chain mail of willpower (worn)
Jewellery
 C - a ring of flight (right hand)
 E - an amulet of reflection (around neck)
 I - a ring of poison resistance (left hand)
Wands
 h - a wand of polymorph (11) (quivered)
 q - a wand of iceblast (8)
 u - a wand of charming (15)
 F - a wand of flame (40)
 L - a wand of acid (24)
 N - a wand of digging (17)
 P - a wand of mindburst (5)
Scrolls
 d - 13 scrolls of identify
 e - 6 scrolls of teleportation
 i - 2 scrolls of immolation
 k - 2 scrolls of fear
 m - 3 scrolls of holy word
 r - 2 scrolls of fog
 t - 2 scrolls of silence
 w - 5 scrolls of noise
 K - 2 scrolls of brand weapon
 M - 2 scrolls of summoning
Potions
 a - 5 potions of heal wounds
 b - 5 potions of invisibility
 c - 2 potions of cancellation
 j - 5 potions of resistance
 l - 9 potions of ambrosia
 n - 3 potions of haste
 o - a potion of might
 p - 2 potions of berserk rage
 z - 12 potions of curing
Miscellaneous
 O - a phantom mirror
 Q - a box of beasts


   Skills:
 + Level 17.1 Fighting
 + Level 20.8 Axes
 + Level 21.7 Armour
 + Level 18.9 Shields
 * Level 14.3 Evocations


You had 17 spell levels left.
You didn't know any spells.
Your spell library contained the following spells:

 Spells                   Type           Power      Damage    Failure   Level
 Animate Skeleton         Necr           0%         N/A       99%         1
 Apportation              Tloc           0%         N/A       99%         1
 Pain                     Necr           0%         1d4       99%         1
 Sting                    Tmut/Pois      0%         1d3       99%         1
 Summon Small Mammal      Summ           0%         N/A       99%         1
 Ensorcelled Hibernation  Hex/Ice        0%         N/A       100%        2
 Passwall                 Tmut/Erth      0%         N/A       100%        2
 Poisonous Vapours        Pois/Air       0%         N/A       100%        2
 Scorch                   Fire           0%         2d5       100%        2
 Sublimation of Blood     Necr           0%         N/A       100%        2
 Call Canine Familiar     Summ           0%         N/A       100%        3
 Conjure Flame            Conj/Fire      0%         6-21      100%        3
 Frozen Ramparts          Ice            0%         1d2       100%        3
 Gell's Gravitas          Tloc           0%         N/A       100%        3
 Ignite Poison            Fire/Tmut/Pois 0%         N/A       100%        3
 Lesser Beckoning         Tloc           0%         N/A       100%        3
 Portal Projectile        Hex/Tloc       0%         N/A       100%        3
 Spider Form              Tmut/Pois      0%         N/A       100%        3
 Summon Guardian Golem    Hex/Summ       0%         N/A       100%        3
 Swiftness                Air            0%         N/A       100%        3
 Teleport Other           Tloc           0%         N/A       100%        3
 Anguish                  Hex/Necr       0%         N/A       100%        4
 Animate Dead             Necr           0%         N/A       100%        4
 Flame Wave               Conj/Fire      0%         2d4       100%        4
 Ice Form                 Ice/Tmut       0%         N/A       100%        4
 Olgreb's Toxic Radiance  Pois           0%         N/A       100%        4
 Petrify                  Tmut/Erth      0%         N/A       100%        4
 Sticky Flame             Conj/Fire      0%         2d3       100%        4
 Summon Ice Beast         Ice/Summ       0%         N/A       100%        4
 Summon Lightning Spire   Summ/Air       0%         N/A       100%        4
 Agony                    Necr           0%         N/A       100%        5
 Blade Hands              Tmut           0%         N/A       100%        5
 Borgnjor's Vile Clutch   Necr/Erth      0%         N/A       100%        5
 Excruciating Wounds      Necr           0%         N/A       100%        5
 Irradiate                Conj/Tmut      0%         3d13      100%        5
 Metabolic Englaciation   Hex/Ice        0%         N/A       100%        5
 Summon Forest            Summ/Tloc      0%         N/A       100%        5
 Death Channel            Necr           0%         N/A       100%        6
 Dispersal                Tloc           0%         N/A       100%        6
 Eringya's Noxious Bog    Tmut/Pois      0%         N/A       100%        6
 Starburst                Conj/Fire      0%         6d3       100%        6
 Statue Form              Tmut/Erth      0%         N/A       100%        6
 Summon Cactus Giant      Summ           0%         N/A       100%        6
 Summon Hydra             Summ           0%         N/A       100%        7
 Fire Storm               Conj/Fire      0%         5d1       100%        9


Dungeon Overview and Level Annotations

Branches:
Dungeon (15/15)            Temple (1/1) D:4            Lair (6/6) D:8
  Swamp (4/4) Lair:2       Spider (4/4) Lair:4        Slime (0/5) Lair:5
    Orc (2/2) D:11            Elf (0/3) Orc:2        Vaults (0/5) D:14
 Depths (0/4) D:15          IceCv (visited)

Altars:
Ashenzari
Cheibriados
Dithmenos
Elyvilon
Fedhas
Gozag
Hepliaklqana
Kikubaaqudgha
Makhleb
Nemelex Xobeh
Okawaru
Qazlal
Ru
Sif Muna
Trog
Uskayaw
Vehumet
Wu Jian
Xom
Yredelemnul
Zin
The Shining One
Beogh
Lugonu

Shops:
D:11 [   D:12 *   Orc:2 :?(*(

Annotations:
D:13 2 runed translucent doors
Swamp:4 Lernaean hydra
Spider:2 1 runed translucent door, Ikerrofe's ghost, adept MiBe


Innate Abilities, Weirdness & Mutations

Your life essence is reduced to manifest your ancestor. (-10% HP)
You have a pair of large horns on your head.
You reflexively headbutt those who attack you in melee.
Your mind is acute. (Int +2)
You are weak. (Str -2)


Message History

The 27-headed Lernaean hydra bites you but does no damage. x4
The 27-headed Lernaean hydra bites you. The 27-headed Lernaean hydra bites you!
* * * LOW HITPOINT WARNING * * *
The 27-headed Lernaean hydra bites you.
* * * LOW HITPOINT WARNING * * *
The 27-headed Lernaean hydra bites you.
* * * LOW HITPOINT WARNING * * *
The 27-headed Lernaean hydra bites you.
* * * LOW HITPOINT WARNING * * *
The 27-headed Lernaean hydra bites you but does no damage. x2
The 27-headed Lernaean hydra bites you!
* * * LOW HITPOINT WARNING * * *
You block the 27-headed Lernaean hydra's attack.
The 27-headed Lernaean hydra barely misses you.
The 27-headed Lernaean hydra bites you!
* * * LOW HITPOINT WARNING * * *
The 27-headed Lernaean hydra barely misses you.
The 27-headed Lernaean hydra bites you.
* * * LOW HITPOINT WARNING * * *
The 27-headed Lernaean hydra bites you but does no damage.
Valetine hits the 27-headed Lernaean hydra with a +0 broad axe of flaming.
Valetine burns the 27-headed Lernaean hydra.
Okay, then.
Okay, then.
Okay, then.
Okay, then.
Valetine hits the 27-headed Lernaean hydra with a +0 broad axe of flaming.
Valetine burns the 27-headed Lernaean hydra.
You block the 27-headed Lernaean hydra's attack.
The 27-headed Lernaean hydra bites you.
* * * LOW HITPOINT WARNING * * *
You block the 27-headed Lernaean hydra's attack. x3
The 27-headed Lernaean hydra bites you.
* * * LOW HITPOINT WARNING * * *
The 27-headed Lernaean hydra bites you but does no damage. x2
You block the 27-headed Lernaean hydra's attack.
The 27-headed Lernaean hydra bites you.
* * * LOW HITPOINT WARNING * * *
The 27-headed Lernaean hydra bites you!
You die...

*≈*,,,≈*≈≈≈,,≈,,,,*,,*,*,*
**,.≈.≈♣*♣..#≈..≈,,,,≈,,,≈≈
***≈.≈≈≈.≈♣♣.≈#...,≈*,8,,≈,≈,
**≈*.≈≈≈≈§...≈§...,..*≈,,,*,,,
*≈≈≈.≈≈≈≈≈≈≈≈≈≈#.≈(..'.8,≈,,,,
*≈*,≈≈≈≈≈§≈≈≈≈≈≈##.#'#≈.≈*,,,≈
*,,,≈.≈≈≈≈≈≈≈≈≈≈#...≈≈.8,,*,,,
*≈≈*♣≈≈≈≈≈≈≈≈≈.≈#.((8.(.≈,*,,≈
******♣.<≈§≈≈@..'≈......,,*,≈,
♣♣♣.≈≈≈≈D†#≈...#,,,⌠*⌠,,
♣.≈≈≈≈≈.R≈.#.#********
♣≈.≈†.♣...≈..#,≈,⌠*⌠≈,
♣♣.≈♣♣♣♣.....≈...≈,*,,,
♣♣♣♣♣≈≈.♣**♣≈#.(.(.(≈≈,,,≈,
♣≈♣♣≈...♣≈♣♣≈#.≈...≈8,,*,,,
♣≈≈≈.......♣≈####'#..,*,*,,
♣♣♣......≈≈.≈≈##,,,.'.8≈,,≈,8


You could see the friendly Valetine the knight and the 27-headed Lernaean hydra
(ally target).

Vanquished Creatures
  Jorgrun (D:12)
  5 thorn hunters
  Frances (D:12)
  5 emperor scorpions
  2 frost giants (IceCv)
  2 ghost moths
  A broodmother (Spider:3)
  3 eleionomae
  Nessos (Lair:6)
  A white draconian (IceCv)
  4 spark wasps
  4 bunyips
  4 entropy weavers
  An ettin (D:15)
  Josephine (D:12)
  2 shambling mangroves (Swamp:3)
  Erolcha (D:13)
  12 hydras
  2 boulder beetles
  An ice dragon (IceCv)
  A vault guard (D:14)
  A ghost crab (Swamp:3)
  An ironbound frostheart (IceCv)
  2 catoblepae
  3 centaur warriors
  A radroach (Spider:4)
  2 two-headed ogres
  9 alligators
  Urug (Orc:2)
  2 orc high priests
  A tengu warrior (D:15)
  10 spriggans
  A hell knight (D:15)
  A sun moth (Spider:4)
  A death drake (Swamp:1)
  A deep troll (D:15)
  5 pharaoh ants
  7 steelbarb worms
  6 spriggan druids
  8 swamp dragons
  4 skeletal warriors (D:13)
  5 orb spiders
  2 goliath frogs
  A glowing orange brain (D:15)
  4 orc knights (Orc:2)
  8 bog bodies
  A necromancer (D:13)
  3 orc sorcerers (Orc:2)
  13 ugly things
  23 wolf spiders
  4 manticores
  2 oklob plants (Swamp:3)
  2 cyclopes (D:11)
  7 black mambas
  A moth of wrath (Spider:4)
  An elephant (D:8)
  An eye of devastation (Swamp:4)
  25 cane toads
  2 gargoyles
  2 torpor snails
  15 rime drakes
  Psyche (D:12)
  6 demonic crawlers
  6 komodo dragons
  A kobold demonologist (D:10)
  A tengu conjurer (D:8)
  3 bloated husks
  3 trolls
  11 polar bears
  A queen bee (shapeshifter) (D:14)
  3 tyrant leeches
  16 tarantellas
  15 blink frogs
  13 meliai
  Prince Ribbit (D:5)
  10 hornets
  5 slime creatures
  A centaur simulacrum (D:14)
  6 dream sheep (Lair:5)
  14 jumping spiders
  17 culicivoras
  A shadow (D:11)
  3 water elementals (D:15)
  4 wraiths
  7 basilisks
  4 wyverns
  A spriggan (shapeshifter) (D:15)
  23 yaks
  Eustachio (D:5)
  A golden eye (shapeshifter) (D:14)
  39 redbacks
  2 steam dragons
  13 vampire mosquitoes
  7 swamp worms
  2 acid dragons
  2 wargs
  11 water moccasins
  Duvessa (D:7)
  2 sky beasts
  6 swamp drakes
  21 orc warriors
  A necrophage (D:7)
  6 black bears
  A hornet zombie (D:6)
  An ice beast (D:5)
  14 wolves
  5 centaurs
  7 ogres
  A kobold brigand (D:10)
  12 bullfrogs
  A gnoll sergeant (D:9)
  5 scorpions
  A water moccasin skeleton (D:4)
  7 killer bees
  A troll skeleton (Swamp:3)
  7 wights
  3 howler monkeys (D:11)
  2 electric eels
  A bullfrog zombie (D:5)
  4 centaur zombies
  A hound (D:6)
  10 orc priests
  A jelly (D:4)
  A bullfrog skeleton (D:5)
  Crazy Yiuf (D:7)
  4 iguanas
  11 orc wizards
  A yak simulacrum (D:13)
  A polar bear simulacrum (D:13)
  A wolf simulacrum (D:13)
  A hound skeleton (D:4)
  2 howler monkey zombies
  13 gnolls
  7 adders
  4 white imps
  An ufetubus (D:5)
  An adder skeleton (D:4)
  7 worms
  2 dart slugs
  65 orcs
  5 bats
  5 endoplasms
  5 giant cockroaches
  6 goblins
  7 hobgoblins
  6 jackals
  5 kobolds
  2 quokkas
  8 ball pythons
  A frilled lizard (D:3)
  4 rats
  2 river rat simulacra (D:13)
  2 briar patches (Swamp:4)
802 creatures vanquished.

Vanquished Creatures (collateral kills)
  A thorn hunter (Swamp:3)
  3 ghost moths
  2 broodmothers
  An eleionoma (Swamp:4)
  An entropy weaver (Spider:1)
  3 spark wasps
  A boulder beetle (D:12)
  A jorogumo (Spider:2)
  3 ironbound frosthearts (IceCv)
  3 radroaches
  A two-headed ogre (D:12)
  6 hydras
  2 alligators
  2 orc high priests (Orc:2)
  A spriggan druid (Swamp:2)
  2 pharaoh ants
  2 orb spiders
  2 steelbarb worms
  6 swamp dragons
  An orange crystal statue (IceCv)
  4 bog bodies (Swamp:4)
  A deep elf pyromancer (D:13)
  An ugly thing (IceCv)
  A will-o-the-wisp (Swamp:3)
  A cyclops (D:13)
  A wolf spider (Spider:4)
  A centaur zombie (D:10)
  An orc sorcerer (Orc:2)
  5 elephants (Lair:5)
  2 cane toads
  A torpor snail (Spider:3)
  6 demonic crawlers
  An unseen horror (D:11)
  A kobold demonologist (D:13)
  An efreet (D:15)
  3 komodo dragons
  6 rime drakes
  A troll (D:14)
  A meliai (Spider:4)
  5 polar bears (IceCv)
  5 hornets
  5 tyrant leeches
  5 tarantellas
  2 slime creatures (D:12)
  8 jumping spiders
  5 culicivoras (Spider:4)
  A vampire (D:12)
  2 shadows
  5 spriggans
  14 yaks
  A wraith (D:11)
  A basilisk (D:11)
  A wyvern (D:9)
  8 redbacks
  5 swamp worms
  7 vampire mosquitoes
  2 water moccasins
  A black bear (D:6)
  4 orc warriors
  2 sky beasts (D:7)
  2 swamp drakes (Swamp:4)
  A wolf (Lair:3)
  2 centaurs (D:13)
  2 bullfrogs
  A scorpion (D:7)
  Dowan (D:7)
  4 killer bees
  3 wights (D:6)
  2 troll skeletons (Swamp:3)
  An electric eel (D:15)
  A centaur skeleton (D:7)
  3 orc priests (Orc:2)
  A gnoll shaman (D:7)
  2 iguanas
  4 orc wizards
  2 polar bear simulacra (D:13)
  A wolf simulacrum (D:13)
  A yak simulacrum (D:13)
  4 gnolls
  17 orcs
  2 river rat simulacra (D:13)
229 creatures vanquished.

Vanquished Creatures (others)
  A spark wasp (Spider:3)
  A spriggan (Swamp:2)
  A goliath frog (Swamp:4)
  A wizard (D:15)
  3 bloated husks
  2 hornets (Swamp:2)
  A centaur (D:12)
  18 knights
  2 briar patches (Swamp:4)
  A bush (Swamp:4)
  6 foxfires (Swamp:3)
  46 fungi
  135 plants
218 creatures vanquished.

Grand Total: 1249 creatures vanquished

Notes
Turn   | Place    | Note
-------+----------+-------------------------------------------
     0 | D:1      | cbfl8 the Minotaur Fighter began the quest for the Orb.
     0 | D:1      | Reached XP level 1. HP: 19/19 MP: 0/0
   192 | D:1      | Reached XP level 2. HP: 26/27 MP: 1/1
   873 | D:1      | Reached skill level 4 in Armour
  1081 | D:1      | You fall into a shaft and drop 1 floor!
  1089 | D:2      | Reached XP level 3. HP: 28/33 MP: 2/2
  1210 | D:2      | Found a faded altar of an unknown god.
  1251 | D:2      | Reached skill level 1 in Evocations
  1825 | D:2      | Reached XP level 4. HP: 37/40 MP: 3/3
  2413 | D:3      | Found a shadowy altar of Dithmenos.
  2487 | D:3      | Reached XP level 5. HP: 19/47 MP: 4/4
  2785 | D:3      | Found a white marble altar of Elyvilon.
  3474 | D:4      | Found a staircase to the Ecumenical Temple.
  3531 | Temple   | Entered the Ecumenical Temple
  3574 | Temple   | Became a worshipper of Hepliaklqana the Forgotten
  3833 | D:4      | Reached skill level 5 in Axes
  3869 | D:4      | Reached XP level 6. HP: 37/53 MP: 5/5
  4037 | D:4      | Reached skill level 5 in Armour
  4278 | D:4      | Reached * piety under Hepliaklqana
  4431 | D:5      | Entered Level 5 of the Dungeon
  4507 | D:5      | Found a glowing golden altar of the Shining One.
  4608 | D:5      | Noticed an ice beast
  4613 | D:5      | Noticed Prince Ribbit
  4617 | D:5      | Reached XP level 7. HP: 47/54 MP: 6/6
  4626 | D:5      | Killed Prince Ribbit
  4635 | D:5      | Reached skill level 5 in Fighting
  5288 | D:5      | Reached ** piety under Hepliaklqana
  5289 | D:5      | Remembered your ancestor Valetine as a knight
  5302 | D:5      | Identified the +3 falchion of the Pits of Slime {pain,
                  | Contam rPois rN++ Stlth+}
  5360 | D:5      | Noticed Eustachio
  5363 | D:5      | Killed Eustachio
  5364 | D:5      | Reached skill level 6 in Armour
  5364 | D:5      | Reached XP level 8. HP: 61/61 MP: 7/7
  5917 | D:6      | Reached skill level 7 in Armour
  5985 | D:6      | Reached skill level 5 in Shields
  5986 | D:6      | Found a shimmering blue altar of Sif Muna.
  6239 | D:6      | Found a stormy altar of Qazlal.
  6280 | D:6      | Reached XP level 9. HP: 64/67 MP: 8/8
  6417 | D:6      | Reached skill level 8 in Armour
  6540 | D:6      | Reached skill level 10 in Axes
  6619 | D:6      | Found an opulent altar of Gozag.
  7189 | D:7      | Reached skill level 5 in Evocations
  7194 | D:7      | Reached skill level 9 in Armour
  7596 | D:7      | Reached *** piety under Hepliaklqana
  7817 | D:7      | Noticed a gargoyle
  7826 | D:7      | Killed a gargoyle
  7827 | D:7      | Reached skill level 10 in Armour
  8029 | D:7      | Noticed Duvessa
  8033 | D:7      | Noticed Dowan
  8037 | D:7      | Killed Duvessa
  8042 | D:7      | Killed Dowan
  8086 | D:7      | Found an ancient bone altar of Kikubaaqudgha.
  8132 | D:7      | Found a runed translucent door.
  8133 | D:7      | Noticed Crazy Yiuf
  8308 | D:7      | Killed Crazy Yiuf
  8319 | D:7      | Identified the +4 mace of Anwuidwu {vamp, Dex+3}
  8440 | D:7      | Reached XP level 10. HP: 32/77 MP: 9/9
  8962 | D:8      | Found a staircase to the Lair.
  8962 | D:8      | Noticed an elephant
  9607 | D:8      | Reached skill level 11 in Armour
 10063 | D:8      | Killed an elephant
 10242 | D:8      | Found a snail-covered altar of Cheibriados.
 10252 | D:8      | Noticed a four-headed hydra
 10261 | D:8      | Killed a five-headed hydra
 10291 | D:8      | Reached skill level 12 in Armour
 10662 | D:8      | Noticed a boulder beetle
 11549 | D:8      | Killed a boulder beetle
 12057 | D:9      | Found a blossoming altar of Fedhas.
 12114 | D:9      | Found an ornate altar of the Wu Jian Council.
 12192 | D:9      | Found a hide-covered altar of Uskayaw.
 12497 | D:10     | Entered Level 10 of the Dungeon
 12547 | D:10     | Reached **** piety under Hepliaklqana
 12553 | D:10     | Found a broken altar of Ashenzari.
 12640 | D:10     | Reached XP level 11. HP: 75/84 MP: 10/10
 13099 | D:10     | Reached skill level 13 in Armour
 13207 | D:10     | Found an iron altar of Okawaru.
 13286 | D:10     | Found a burning altar of Makhleb.
 13435 | D:11     | Found a staircase to the Orcish Mines.
 13452 | D:11     | Found Ezirhuj's Armour Shop.
 13640 | D:11     | Noticed a boulder beetle
 13653 | D:11     | Killed a boulder beetle
 13880 | D:11     | Noticed a two-headed ogre
 13886 | D:11     | Killed a two-headed ogre
 13967 | D:11     | Noticed a green ugly thing
 13975 | D:11     | Killed a green ugly thing
 14260 | D:11     | Reached skill level 14 in Armour
 14894 | D:12     | Noticed Josephine
 15037 | D:12     | Killed Josephine
 15047 | D:12     | Noticed Frances
 15049 | D:12     | Noticed a two-headed ogre
 15309 | D:12     | Noticed Jorgrun
 15318 | D:12     | Killed Jorgrun
 15319 | D:12     | Reached XP level 12. HP: 50/95 MP: 6/11
 15975 | D:12     | Noticed Psyche
 15976 | D:12     | Noticed a boulder beetle
 15980 | D:12     | Killed Psyche
 15985 | D:12     | Killed a boulder beetle
 15986 | D:12     | Reached skill level 15 in Axes
 15986 | D:12     | Reached skill level 15 in Armour
 16134 | D:12     | Reached skill level 10 in Fighting
 16245 | D:12     | Killed a two-headed ogre
 16364 | D:12     | HP: 2/95 [Frances/+0 flail (10)]
 16880 | D:12     | Killed Frances
 17430 | D:12     | Found Vodeethro's Serpentskin Sales.
 17688 | D:12     | Bought a +0 tower shield of poison resistance for 127 gold
                  | pieces
 17889 | D:12     | Noticed a two-headed ogre
 17894 | D:12     | Killed a two-headed ogre
 18524 | D:13     | Noticed a catoblepas
 18537 | D:13     | Killed a catoblepas
 18641 | D:13     | Reached skill level 16 in Armour
 18642 | D:13     | You are sucked into a shaft and drop 2 floors!
 18642 | D:15     | Entered Level 15 of the Dungeon
 18925 | D:14     | Found a gate to the Vaults.
 18925 | D:14     | Noticed a vault guard
 18935 | D:14     | Killed a vault guard
 18944 | D:14     | Reached ***** piety under Hepliaklqana
 19060 | D:13     | Noticed Erolcha
 19070 | D:13     | Killed Erolcha
 19295 | D:13     | Noticed a centaur warrior
 19671 | D:13     | Reached XP level 13. HP: 99/103 MP: 10/12
 20408 | D:13     | Found a large runed translucent door.
 20409 | D:13     | Found a large runed translucent door.
 21525 | D:14     | Identified the +7 mace "Evusot Duat" {vorpal, +Blink rPois
                  | Str+2 Int-5 Dex+2}
 22234 | D:15     | Noticed an ettin
 22441 | D:15     | Reached skill level 17 in Armour
 22592 | D:15     | Killed an ettin
 22686 | D:15     | Reached skill level 10 in Shields
 22686 | D:15     | Reached skill level 10 in Evocations
 23205 | D:15     | Found a staircase to the Depths.
 23716 | Lair:1   | Entered Level 1 of the Lair of Beasts
 23895 | Lair:1   | You are sucked into a shaft and drop 1 floor!
 25237 | Lair:2   | Found a staircase to the Swamp.
 25541 | Lair:2   | Reached XP level 14. HP: 108/112 MP: 11/13
 26127 | Lair:3   | Reached ****** piety under Hepliaklqana
 26136 | Lair:3   | Reached skill level 18 in Armour
 26938 | Lair:3   | Identified the +8 trident "Mygeil" {antimagic, Int+2}
 27795 | Lair:4   | Found a hole to the Spider Nest.
 28343 | Lair:5   | Found a staircase to the Slime Pits.
 29116 | Lair:6   | Entered Level 6 of the Lair of Beasts
 29155 | Lair:6   | Noticed Nessos
 29163 | Lair:6   | Killed Nessos
 30847 | Lair:6   | Reached skill level 19 in Armour
 31160 | Lair:6   | Reached XP level 15. HP: 69/120 MP: 14/14
 32084 | Orc:1    | Entered Level 1 of the Orcish Mines
 32368 | Orc:2    | Entered Level 2 of the Orcish Mines
 32380 | Orc:2    | Noticed Urug
 32387 | Orc:2    | Killed Urug
 32927 | Orc:2    | Found Ylyaklue's Book Shoppe.
 33419 | Orc:2    | Paralysed by an orc sorcerer for 7 turns
 33513 | Orc:2    | Found Loityrett's Assorted Antiques.
 33513 | Orc:2    | Found Geuqom's Weapon Shop.
 33526 | Orc:2    | Found Baiwn's Magic Scroll Emporium.
 33526 | Orc:2    | Found Qymih's Weapon Shop.
 33532 | Orc:2    | Bought a scroll of identify for 62 gold pieces
 33532 | Orc:2    | Bought 2 scrolls of identify for 124 gold pieces
 33535 | Orc:2    | Bought a scroll of teleportation for 42 gold pieces
 33535 | Orc:2    | Bought a scroll of teleportation for 42 gold pieces
 33846 | Orc:2    | Found a staircase to the Elven Halls.
 33865 | Orc:2    | Gained mutation: You have large cloven feet. [potion of
                  | mutation]
 33865 | Orc:2    | Gained mutation: You are weak. (Str -2) [potion of
                  | mutation]
 33866 | Orc:2    | Lost mutation: You have large cloven feet. [potion of
                  | mutation]
 33866 | Orc:2    | Lost mutation: You are weak. (Str -2) [potion of mutation]
 33866 | Orc:2    | Gained mutation: You are frail. (-10% HP) [potion of
                  | mutation]
 33976 | Orc:2    | Bought a shiny coral ring for 155 gold pieces
 33980 | Orc:2    | Bought a scroll of identify for 28 gold pieces
 33980 | Orc:2    | Bought a scroll of identify for 28 gold pieces
 33980 | Orc:2    | Bought a scroll of identify for 28 gold pieces
 34273 | Spider:1 | Entered Level 1 of the Spider Nest
 34666 | Spider:1 | Noticed an emperor scorpion
 34681 | Spider:1 | Killed an emperor scorpion
 35516 | Spider:1 | Noticed an emperor scorpion
 35530 | Spider:1 | Killed an emperor scorpion
 35856 | Spider:2 | Found a frozen archway.
 35862 | IceCv    | Entered an ice cave
 37529 | IceCv    | Reached skill level 20 in Armour
 38157 | IceCv    | Noticed a frost giant
 38161 | IceCv    | Reached XP level 16. HP: 95/117 MP: 11/15
 39636 | Spider:2 | Reached skill level 15 in Shields
 40608 | Spider:2 | Reached skill level 15 in Fighting
 41223 | Spider:2 | Found a runed translucent door.
 41226 | Spider:2 | Noticed Ikerrofe's ghost (adept MiBe)
 41923 | Spider:3 | Got the Papyrus of Creative Heat
 42018 | Spider:3 | Gained mutation: You are occasionally teleported next to
                  | monsters. [mutagenic glow]
 43280 | Spider:3 | Identified a scroll of acquirement
 43281 | Spider:3 | Acquired the +0 hat of Distant Worlds {rN++ Will+ SInv
                  | Stlth-}
 43435 | Swamp:1  | Entered Level 1 of the Swamp
 44437 | Swamp:1  | Reached XP level 17. HP: 104/125 MP: 16/16
 45121 | Swamp:1  | Lost mutation: You are occasionally teleported next to
                  | monsters. [potion of mutation]
 45121 | Swamp:1  | Lost mutation: You are frail. (-10% HP) [potion of
                  | mutation]
 45121 | Swamp:1  | Gained mutation: You are weak. (Str -2) [potion of
                  | mutation]
 45121 | Swamp:1  | Gained mutation: Your mind is acute. (Int +2) [potion of
                  | mutation]
 45121 | Swamp:1  | Gained mutation: You have a pair of large horns on your
                  | head. [potion of mutation]
 45605 | Swamp:2  | Identified the +4 ring mail of Emysamug {rElec rC+ Str+6}
 47481 | Swamp:3  | Reached skill level 21 in Armour
 48753 | Spider:4 | Entered Level 4 of the Spider Nest
 51645 | Spider:4 | Got a gossamer rune of Zot
 52102 | Swamp:4  | Entered Level 4 of the Swamp
 52411 | Swamp:3  | Reached XP level 18. HP: 131/151 MP: 17/17
 54432 | Swamp:4  | Noticed the 27-headed Lernaean hydra
 54440 | Swamp:4  | HP: 7/152 [the 27-headed Lernaean hydra (2)]
 54440 | Swamp:4  | HP: 2/152 [the 27-headed Lernaean hydra (4)]
 54440 | Swamp:4  | Mangled by the 27-headed Lernaean hydra

Illustrated notes

Levels and vault maps discovered:
D:1:      heliophobic_arrival_glass_houses, layout_loops_ring, serial_bayou,
          serial_bayou_lake_a, serial_bayou_pond_b, serial_bayou_pond_d,
          serial_bayou_shore_a, st_stairs_4, nicolae_wormholes
D:2:      layout_loops_corners, basic_ecumenical_altar
D:3:      layout_loops_ring, amcnicky_altar_gilded, mainiacjoe_overflow_brackets
D:4:      layout_gridville, minmay_temple_entry_butterflies
D:5:      layout_loops_corners, tso_altar, kennysheep_donut, st_stairs_11,
          hangedman_decor_push, minmay_manual_mess, uniq_prince_ribbit1,
          uniq_eustachio
D:6:      layout_basic, grunt_qazlal_sundering, nicolae_sif_muna_condensation,
          mainiacjoe_overflow_surrounded_room
D:7:      layout_cave_pools, marbit_many_paths, serial_glass, glass_columns_a,
          glass_columns_b, item_on_display_a, feat_on_display,
          kennysheep_generic_room_3, uniq_duvessa, uniq_crazy_yiuf_cottage
D:8:      layout_loops_ring, cheibriados_altar_2, david_lair_generic,
          special_room [special_room_orc], minmay_manual_monstrance
D:9:      layout_roguey, old_standard_altar,
          mainiacjoe_overflow_small_starburst, lemuel_tele_altar,
          kennysheep_path_1
D:10:     layout_roguey, nicolae_overflow_crystal_walls,
          mainiacjoe_overflow_alcove_2, old_standard_altar
D:11:     layout_basic, orc_david_3, hex_large, grunt_ministairs_5
D:12:     layout_roguey, guppyfry_shop_venom, uniq_josephine, uniq_psyche,
          uniq_jorgrun, uniq_frances
D:13:     doesnt_quadruple_sword, layout_stronghold, eino_house_with_fridge,
          uniq_erolcha
D:14:     layout_loops_corners, david_vaults_5, corexii_hall_statues_s
D:15:     hangedman_depths_entry_civil_slaughter, layout_basic, chequers_jeans
Temple:   corrupted_temple
Lair:1:   layout_gridlike, hibernation_bobbens
Lair:2:   layout_cellular_growth, palyth_hydra_swamp_entry,
          nicolae_quartered_pool_impasse
Lair:3:   layout_roguey, serial_forest, infiniplex_forest_corner_1,
          infiniplex_forest_end_1, infiniplex_forest_end_2,
          infiniplex_forest_fountain, infiniplex_forest_clump_long,
          infiniplex_forest_clump_small, infiniplex_forest_clump_double,
          infiniplex_forest_clump_cross, chequers_serial_rivers_micro_e
Lair:4:   layout_regular_city, dummy_spider_entry, pond
Lair:5:   layout_long_grid, slime_dummy, grunt_megastairs_5
Lair:6:   minmay_lair_end_frog_pond, layout_misc_corridors, uniq_nessos
Swamp:1:  layout_basic_swamp, nicolae_swamp_decorative_isthmus
Swamp:2:  layout_falls_marsh, evilmike_swamp_ruin_house_1, swamp_pool2
Swamp:3:  nicolae_swamp_phyte_club, layout_basic_swamp,
          evilmike_swamp_ruin_rubble_1, cheibrodos_swamp_minitomb
Swamp:4:  grunt_swamp_rune_castle, layout_basic_swamp, infiniplex_staircase_pool
Spider:1: layout_cave_pods
Spider:2: nicolae_spider_hilbert_zone_3 [nicolae_spider_hilbert_4_sides_2_open,
          nicolae_spider_hilbert_3_sides_1_open,
          nicolae_spider_hilbert_3_sides_1_open,
          nicolae_spider_hilbert_3_sides_1_open,
          nicolae_spider_hilbert_3_sides_1_open,
          nicolae_spider_hilbert_4_sides_1_open,
          nicolae_spider_hilbert_4_sides_1_open,
          nicolae_spider_hilbert_4_sides_1_open,
          nicolae_spider_hilbert_4_sides_1_open,
          nicolae_spider_hilbert_4_sides_1_open,
          nicolae_spider_hilbert_4_sides_1_open,
          nicolae_spider_hilbert_4_sides_1_open,
          nicolae_spider_hilbert_4_sides_1_open,
          nicolae_spider_hilbert_3_sides_1_open,
          nicolae_spider_hilbert_3_sides_1_open,
          nicolae_spider_hilbert_3_sides_1_open,
          nicolae_spider_hilbert_3_sides_1_open], ebering_ghost_reflecting_pool,
          portal_ice_cave_entry_pillars_2, nicolae_spider_bug_shape
Spider:3: cheibrodos_forgotten_conduit
Spider:4: grunt_spider_rune_parallel
Orc:1:    layout_caves, basic_altar, nicolae_orc_rockfall, bh_open_orc_temple
Orc:2:    grunt_orc_tribal_feast, layout_diamond_mine, serial_shops,
          nicolae_diamond_shop, lemuel_statue_altar, uniq_urug

Skill      XL: |  1  2  3  4  5  6  7  8  9 10 11 12 13 14 15 16 17 18 |
---------------+-------------------------------------------------------+-----
Fighting       | 4 5 7 8 9 10 11 12 14 15 16 17 | 17.1
Armour         | 4 5 6 7 10 12 14 16 17 19 20 21 | 21.7
Axes           | 3 4 5 6 8 9 11 12 14 16 17 18 19 20 | 20.8
Evocations     | 1 2 3 4 5 6 8 9 10 11 12 13 14 | 14.3
Shields        | 4 5 6 7 8 10 12 14 16 18 | 18.9

Action                   |  1- 3 |  4- 6 |  7- 9 | 10-12 | 13-15 | 16-18 || total
-------------------------+-------+-------+-------+-------+-------+-------++-------
Melee: War axe           |    78 |   124 |   106 |       |       |       ||   308
       Headbutt          |     6 |    19 |    40 |   109 |   263 |   260 ||   697
       Broad axe         |       |       |    72 |   432 |   935 |   892 ||  2331
       Hand axe          |       |       |       |     5 |    61 |       ||    66
Invok: Ancestor Identity |       |     2 |       |     2 |       |       ||     4
       Ancestor Life: Kn |       |       |     1 |       |       |       ||     1
       Recall Ancestor   |       |       |       |     3 |       |       ||     3
Evoke: Wand              |       |       |       |    20 |    12 |     6 ||    38
  Use: Scroll            |     1 |     5 |     1 |    17 |    20 |     8 ||    52
       Potion            |       |       |     2 |     2 |     6 |     6 ||    16
 Stab: Distracted        |       |       |     2 |     6 |    17 |    13 ||    38
       Petrified         |       |       |       |       |     4 |       ||     4
       Confused          |       |       |       |       |       |     1 ||     1
Armor: Scale mail        |    47 |    16 |       |       |       |       ||    63
       Chain mail        |       |    65 |   130 |   110 |       |   444 ||   749
       Plate armour      |       |       |       |   129 |   687 |     1 ||   817
Dodge: Dodged            |    44 |    66 |    64 |   124 |   157 |   156 ||   611
       Repelled          |       |       |       |       |     2 |     6 ||     8
Block: Buckler           |    19 |    30 |    48 |    93 |       |       ||   190
       Tower shield      |       |       |       |    52 |  1095 |  1146 ||  2293
       Reflection        |       |       |       |       |       |    15 ||    15
